 Dungeon Crawl Stone Soup version 0.30-a0-154-gb106f4c828 (webtiles) character file.

Game seed: 7389247988702500564

152 Aibolit the Vexing (level 5, 0/41 HPs)
             Began as a Gnoll Hexslinger on Sept 27, 2022.
             Succumbed to a scorpion's poison
             ... on level 4 of the Dungeon.
             The game lasted 00:18:55 (3661 turns).

Aibolit the Vexing (Gnoll Hexslinger)               Turns: 3661, Time: 00:18:55

Health: 0/41       AC:  3    Str:  9    XL:     5   Next: 34%
Magic:  16/18      EV: 30    Int: 14    God:
Gold:   76         SH:  0    Dex: 19    Spells: 1/10 levels left

rFire   . . .      SeeInvis .    a - +1 sling
rCold   . . .      Faith    .    (no shield)
rNeg    . . .      Spirit   .    c - +0 robe
rPois   .          Reflect  .    r - +0 helmet
rElec   .          Harm     .    (no cloak)
rCorr   .          Rampage  .    (no gloves)
Will    .....                    (no boots)
Stlth   ++........               x - amulet of the acrobat
HPRegen 0.13/turn                g - +6 ring of dexterity
MPRegen 0.16/turn                p - ring of magical power

@: lethally poisoned (0 -> -9), acrobatic
A: fangs 1, strong nose, distributed training
a: no special abilities


You were on level 4 of the Dungeon.
You visited 1 branch of the dungeon, and saw 4 of its levels.

You collected 148 gold pieces.
You spent 72 gold pieces at shops.

Inventory:

Hand Weapons
 a - a +1 sling (weapon)
Missiles
 w - 4 javelins
Armour
 c - a +0 robe (worn)
 k - +0 fire dragon scales
 l - a +2 chain mail of fire resistance
 r - a +0 helmet (worn)
Jewellery
 d - an amulet of faith
 g - a +6 ring of dexterity (left hand)
 p - a ring of magical power (right hand)
 u - a ring of resist corrosion
 x - an amulet of the acrobat (around neck)
Scrolls
 b - 2 scrolls of poison
 e - a scroll of blinking
 f - a scroll of teleportation {unknown}
 h - a scroll of summoning
 i - a scroll of amnesia
 j - a scroll of immolation
 n - a scroll of enchant armour {unknown}
 o - 3 scrolls of noise {unknown}
 s - 2 scrolls of magic mapping {unknown}
Potions
 m - a potion of lignification
 q - 2 potions of attraction {unknown}
 t - a potion of curing {unknown}
 v - 2 potions of haste


   Skills:
 + Level 3.0 Fighting
 + Level 1.5 Short Blades
 + Level 1.5 Long Blades
 + Level 1.5 Axes
 + Level 1.5 Maces & Flails
 + Level 1.5 Polearms
 + Level 1.5 Staves
 + Level 4.8 Ranged Weapons
 + Level 1.5 Throwing
 + Level 1.5 Armour
 + Level 4.8 Dodging
 + Level 1.5 Stealth
 + Level 1.5 Shields
 + Level 1.5 Unarmed Combat
 + Level 3.2 Spellcasting
 + Level 1.2 Conjurations
 + Level 5.5 Hexes
 + Level 1.2 Summonings
 + Level 1.2 Necromancy
 + Level 1.2 Translocations
 + Level 1.2 Transmutations
 + Level 1.2 Fire Magic
 + Level 1.2 Ice Magic
 + Level 1.2 Air Magic
 + Level 1.2 Earth Magic
 + Level 1.2 Poison Magic
 + Level 1.7 Invocations
 + Level 1.5 Evocations


You had one spell level left.
You knew the following spells:

 Your Spells              Type           Power      Damage    Failure   Level
a - Slow                  Hex            68%        N/A       2%          1
b - Inner Flame           Hex/Fire       11%        N/A       16%         3
c - Portal Projectile     Hex/Tloc       22%        N/A       16%         3
d - Call Imp              Summ           5%         N/A       19%         2

Your spell library contained the following spells:

 Spells                   Type           Power      Damage    Failure   Level
 Magic Dart               Conj           20%        1d4       13%         1
 Ensorcelled Hibernation  Hex/Ice        22%        N/A       8%          2
 Passwall                 Tmut/Erth      4%         N/A       19%         2
 Cause Fear               Hex            8%         N/A       22%         4
 Mephitic Cloud           Conj/Pois/Air  5%         N/A       36%         3
 Swiftness                Air            5%         N/A       36%         3


Dungeon Overview and Level Annotations

Branches:
Dungeon (4/15)
 Temple: D:4-7

Altars:
Xom
Zin

Shops:
D:2 ?


Innate Abilities, Weirdness & Mutations

You have very sharp teeth.
Your uncanny sense of smell can sniff out nearby items.
Your experience applies equally to all skills.


Message History

Your crimson imp hits the scorpion but does no damage.
You feel sick.
You are no longer poisoned.
The scorpion attacks as you move away! The scorpion barely misses you.
The scorpion completely misses you.
Your crimson imp blinks!
Your crimson imp hits the scorpion.
Your crimson imp hits the scorpion but does no damage.
Casting: Call Imp (safe; 19% risk of failure)
Press: ? - help, Q - select action, (/) - cycle Dir - look around, f - activate A beastly little devil appears in a puff of flame.
Your crimson imp disappears in a puff of smoke!
The scorpion closely misses you. x2
The scorpion attacks as you move away! The scorpion stings you.
You are poisoned.
The scorpion poisons you!
You feel very sick. The scorpion closely misses you.
Aiming: Slow (safe; 2% risk of failure)
Press: ? - help, Q - select action, (/) - cycle Shift-Dir - straight line, f - scorpion
Aim: a scorpion (ally target, chance to affect: 56%)
The scorpion resists with significant effort.
You feel sick. The scorpion stings you.
Your crimson imp hits the scorpion but does no damage.
You feel sick.
Aiming: Slow (safe; 2% risk of failure)
Press: ? - help, Q - select action, (/) - cycle Shift-Dir - straight line, f/p - scorpion
Aim: a scorpion (ally target, chance to affect: 56%)
The scorpion seems to slow down.
You feel sick. The scorpion stings you.
* * * LOW HITPOINT WARNING * * *
You are lethally poisoned!
The scorpion poisons you!
Your crimson imp hits the scorpion but does no damage.
* * * LOW HITPOINT WARNING * * *
You feel very sick.
* * * LOW HITPOINT WARNING * * *
You feel sick.
Your crimson imp barely misses the scorpion.
You die...

############ #..........#
#######)########.##
#.......### ##...#
#.######..# ##.###.# ###.#
#..###.## #..
#########...######......#
....
#...............@..#.##.#
###
#.#######.#####.##...###.#
#.# #.# #.###s## #.. #.#
#.# #.# #5# #..# #<# #.#
#.# #.# ..# #....# #.# #.#
#.# .# ####.# #.# #.# #.#
..# # #.#####.# #.#
###..###. #.#.....# #.#
#........


You could see a scorpion (slow).

Vanquished Creatures
  2 worms
  2 dart slugs
  2 orcs
  6 ball pythons
  4 bats
  11 endoplasms
  3 giant cockroaches
  2 goblins
  4 hobgoblins
  6 kobolds
  3 quokkas
  6 frilled lizards
  3 rats
54 creatures vanquished.

Vanquished Creatures (collateral kills)
  A scorpion (D:4)
  Terence (D:3)
2 creatures vanquished.

Grand Total: 56 creatures vanquished

Notes
Turn   | Place    | Note
-------+----------+-------------------------------------------
     0 | D:1      | Aibolit the Gnoll Hexslinger began the quest for the Orb.
     0 | D:1      | Reached XP level 1. HP: 17/17 MP: 4/4
   123 | D:1      | Reached XP level 2. HP: 23/23 MP: 5/5
   798 | D:2      | Reached XP level 3. HP: 24/28 MP: 7/7
   875 | D:2      | Found a faded altar of an unknown god.
  1105 | D:2      | Reached skill level 1 in Invocations
  1569 | D:2      | Found Zaqagry's Magic Scroll Boutique.
  1676 | D:2      | Bought a scroll of identify for 24 gold pieces
  1676 | D:2      | Bought a scroll of identify for 24 gold pieces
  1676 | D:2      | Bought a scroll of identify for 24 gold pieces
  1893 | D:3      | Reached skill level 1 in Short Blades
  1893 | D:3      | Reached skill level 1 in Long Blades
  1893 | D:3      | Reached skill level 1 in Axes
  1893 | D:3      | Reached skill level 1 in Maces & Flails
  1893 | D:3      | Reached skill level 1 in Polearms
  1893 | D:3      | Reached skill level 1 in Staves
  1893 | D:3      | Reached skill level 1 in Throwing
  1893 | D:3      | Reached skill level 1 in Armour
  1893 | D:3      | Reached skill level 1 in Stealth
  1893 | D:3      | Reached skill level 1 in Shields
  1893 | D:3      | Reached skill level 1 in Unarmed Combat
  1893 | D:3      | Reached skill level 1 in Evocations
  1953 | D:3      | Learned a level 3 spell: Inner Flame
  1957 | D:3      | Learned a level 3 spell: Portal Projectile
  2118 | D:3      | Found a glowing silver altar of Zin.
  2217 | D:3      | Reached XP level 4. HP: 34/34 MP: 8/8
  2386 | D:3      | Found a shimmering altar of Xom.
  2386 | D:3      | Noticed Terence
  2825 | D:3      | Learned a level 2 spell: Call Imp
  2862 | D:3      | Killed Terence
  2863 | D:3      | Reached skill level 1 in Conjurations
  2863 | D:3      | Reached skill level 1 in Summonings
  2863 | D:3      | Reached skill level 1 in Necromancy
  2863 | D:3      | Reached skill level 1 in Translocations
  2863 | D:3      | Reached skill level 1 in Transmutations
  2863 | D:3      | Reached skill level 1 in Fire Magic
  2863 | D:3      | Reached skill level 1 in Ice Magic
  2863 | D:3      | Reached skill level 1 in Air Magic
  2863 | D:3      | Reached skill level 1 in Earth Magic
  2863 | D:3      | Reached skill level 1 in Poison Magic
  3179 | D:4      | Noticed a scorpion
  3209 | D:4      | Killed a scorpion
  3210 | D:4      | Reached XP level 5. HP: 25/41 MP: 9/9
  3660 | D:4      | HP: 2/41 [poisoned by a scorpion]
  3661 | D:4      | Succumbed to a scorpion's poison

Illustrated notes

Levels and vault maps discovered:
D:1:      lemuel_arrival_behind_the_door_large, layout_loops_ring
D:2:      layout_basic, nicolae_ecumenical_oubliette, serial_shops, shop
D:3:      layout_rooms, lemuel_tele_altar, general_overflow_altar, uniq_terence
D:4:      layout_loops_ring, mainiacjoe_overflow_alcove_2

Skill      XL: |  1  2  3  4 |
---------------+-------------+-----
Invocations    | 1 |  1.7
Short Blades   | 1 |  1.5
Long Blades    | 1 |  1.5
Axes           | 1 |  1.5
Maces & Flails | 1 |  1.5
Polearms       | 1 |  1.5
Staves         | 1 |  1.5
Throwing       | 1 |  1.5
Armour         | 1 |  1.5
Stealth        | 1 |  1.5
Shields        | 1 |  1.5
Unarmed Combat | 1 |  1.5
Evocations     | 1 |  1.5
Spellcasting   | 3 |  3.2
Conjurations   | 1 |  1.2
Summonings     | 1 |  1.2
Necromancy     | 1 |  1.2
Translocations | 1 |  1.2
Transmutations | 1 |  1.2
Fire Magic     | 1 |  1.2
Ice Magic      | 1 |  1.2
Air Magic      | 1 |  1.2
Earth Magic    | 1 |  1.2
Poison Magic   | 1 |  1.2
Fighting       | 3 |  3.0
Ranged Weapons | |  4.8
Dodging        | |  4.8
Hexes          | |  5.5

Action                   |  1- 3 |  4- 6 || total
-------------------------+-------+-------++-------
 Fire: Sling             |   130 |    41 ||   171
 Cast: Slow              |     6 |     5 ||    11
       Inner Flame       |     1 |     4 ||     5
       Call Imp          |       |    10 ||    10
       Portal Projectile |       |     1 ||     1
  Use: Scroll            |     5 |     1 ||     6
       Potion            |       |     1 ||     1
Armor: Fire dragon scale |    34 |       ||    34
       Robe              |     1 |     5 ||     6
Dodge: Dodged            |    33 |    30 ||    63

Table legend: (Time is in decaauts)
 A = Elapsed time spent in this place.
 B = Non-inter-level travel time spent in this place.
 C = Inter-level travel time spent in this place.
 D = Time resting spent in this place.
 E = Time spent auto-exploring this place.
 F = Levels seen in this place.
 G = Mean time per level.
                   A        B        C        D        E       F      G
               +--------+--------+--------+--------+--------+-----+--------+
         Total |   3701 |   1965 |   1736 |   1242 |      0 |   4 |  925.2 |
       Dungeon |   3701 |   1965 |   1736 |   1242 |      0 |   4 |  925.2 |
               +--------+--------+--------+--------+--------+-----+--------+

Top non-repeatable levels by time:
     D:3: 1220 daAuts
     D:2: 1166 daAuts
     D:1: 762 daAuts
     D:4: 551 daAuts
